 Dungeon Crawl Stone Soup version 0.31-a0-175-g9f7f995f2b (webtiles) character file.

Game seed: 17332465902972345746

908 qw the Chopper (level 8, -1/49 HPs)
             Began as a Gargoyle Fighter on June 17, 2023.
             Was an Initiate of Okawaru.
             Slain by a wight
             ... wielding a +0 great sword
              (10 damage)
             ... on level 6 of the Dungeon.
             The game lasted 00:02:40 (4949 turns).

qw the Chopper (Gargoyle Fighter)                   Turns: 4949, Time: 00:02:41

Health: -1/49      AC: 14    Str: 22    XL:     8   Next: 8%
Magic:  8/8        EV:  8    Int:  9    God:    Okawaru [......]
Gold:   119        SH:  4    Dex:  9    Spells: 7/7 levels left

rFire   . . .        Y - +0 war axe
rCold   . . .        c - +0 buckler
rNeg    + . .        p - +0 chain mail
rPois   inf          (no helmet)
rElec   +            (no cloak)
rCorr   .            (no gloves)
SInv    .            (no boots)
Will    .....        (no amulet) Stlth
                     (no ring)
HPRegen 0.28/turn    (no ring)
MPRegen 0.11/turn

%: no passive effects
@: about to teleport, weakened
A: sickness immunity, AC +5, negative energy resistance 1, electricity
resistance, torment resistance 1, petrification resistance
a: Renounce Religion


You were on level 6 of the Dungeon.
You worshipped Okawaru.
Okawaru was noncommittal.
You visited 2 branches of the dungeon, and saw 7 of its levels.
You also visited: Sewer.

You collected 185 gold pieces.
You spent 66 gold pieces at shops.


Innate Abilities, Weirdness & Mutations

You are immune to sickness and miasma.
Your stone body is resilient. (AC +5)
You are immune to poison.
You resist negative energy. (rN+)
You are resistant to electric shocks. (rElec)
You are resistant to unholy torment.
You are immune to petrification.


   Skills:
 - Level 5.1 Fighting
 + Level 7.5 Axes
 - Level 3.2 Armour
 - Level 1.0 Dodging
 - Level 3.2 Shields


You had 7 spell levels left.
You didn't know any spells.
Your spell library was empty.

Inventory:

Hand Weapons
 o - a +0 flail
 Y - a +0 war axe (weapon)
Armour
 c - a +0 buckler (worn)
 p - a +0 chain mail (worn)
Jewellery
 b - a ring of fire
Scrolls
 a - 2 scrolls of identify
 j - a scroll of teleportation
Potions
 d - 5 potions of might
 e - 2 potions of haste
 f - a potion of mutation
 h - 3 potions of attraction
 i - a potion of resistance
 k - 3 potions of curing
 m - a potion of enlightenment

Dungeon Overview and Level Annotations

Branches:
Dungeon (6/15)             Temple (1/1) D:5           Sewer (visited)

Altars:
Ashenzari
Cheibriados
Dithmenos
Elyvilon
Gozag
Hepliaklqana
Makhleb
Okawaru
Trog
Wu Jian

Shops:
D:2 =   D:3 !

Annotations:
D:3 1 runed translucent door, Crazy Yiuf


Message History

You hit the wight but do no damage.
The wight is severely damaged.
You closely miss the wight.
Your attacks no longer feel as feeble.
The wight hits you but does no damage. x2
The wight hits you with a +0 great sword!
The wight closely misses you. The wight hits you but does no damage.
The wight barely misses you.
You completely miss the wight.
The wight is severely damaged.
You barely miss the wight. The wight hits you but does no damage.
You block the wight's attack. The wight closely misses you.
You closely miss the wight.
The wight is severely damaged.
You slash the wight!
You block the wight's attack. x2; The wight hits you but does no damage.
You hit the wight.
The wight is almost destroyed.
You closely miss the wight. The wight barely misses you.
You block the wight's attack.
The wight hits you with a +0 great sword.
You slash the wight!
You destroy the wight!
Okawaru accepts your kill.
You hit the wight. The wight hits you but does no damage.
The wight closely misses you.
The gnoll bouda gazes fiercely through you!
You feel your attacks grow feeble.
You hit the wight but do no damage.
The wight is almost destroyed.
You hit the gnoll bouda. The wight barely misses you.
The wight closely misses you.
The gnoll bouda hits you with a +0 club.
4949 ||| READING 2 scrolls of teleportation.
As you read the scroll of teleportation, it crumbles to dust.
You feel strangely unstable. The wight hits you but does no damage.
The gnoll bouda closely misses you.
The wight hits you with a +0 great sword!
You die...

#<..##.###
#...##...##
########..####..#
##......##.....<..
..................
....###.....#####.
#........##
#####..### #z@..#
....ggg##z#
.....gz ...#
....... #....
..#...# #.[#.
#..... ... #
#$.... .##. #.#...


You could see a gnoll bouda, 3 wights and 3 gnolls.

Vanquished Creatures
  Menkaure (D:4)
  An ice beast (D:5)
  2 ogres
  A phantom (D:5)
  A scorpion (D:5)
  A wight (D:6)
  A howler monkey (D:4)
  A jelly (D:4)
  3 iguanas
  A hell rat (Sewer)
  6 adders
  2 river rats (Sewer)
  3 worms
  3 dart slugs
  8 orcs
  9 endoplasms
  A giant cockroach (D:4)
  9 goblins
  8 hobgoblins
  6 quokkas
  5 ball pythons
  6 bats
  A frilled lizard (D:3)
  2 kobolds (D:2)
  12 rats
94 creatures vanquished.

Notes
Turn   | Place    | Note
-------+----------+-------------------------------------------
     0 | D:1      | qw the Gargoyle Fighter began the quest for the Orb.
     0 | D:1      | Reached XP level 1. HP: 14/14 MP: 1/1
     0 | D:1      | 0 ||| qw: Version: 0.3-a-3-g30531e4
     0 | D:1      | 0 ||| qw: Game counter: 394
     0 | D:1      | 0 ||| qw: Always use a shield: true
     0 | D:1      | 0 ||| qw: God list: Okawaru
     0 | D:1      | 0 ||| qw: Allow faded altars: false
     0 | D:1      | 0 ||| qw: Do Orc after D:15 true
     0 | D:1      | 0 ||| qw: Do second Lair branch before Depths: true
     0 | D:1      | 0 ||| qw: Lair rune preference: random
     0 | D:1      | 0 ||| qw: Plans: Normal, Zot:1-4, Slime:5, God:TSO, Crypt,
                  | Tomb, Abyss, Pan, Hells, Win
     0 | D:1      | 0 ||| PLANNING D:1-11
    29 | D:1      | 29 ||| Stepping ~*~*~tactically~*~*~ (stealth).
    35 | D:1      | Reached skill level 2 in Axes
    78 | D:1      | Reached XP level 2. HP: 19/19 MP: 2/2
   225 | D:1      | 225 ||| Stepping ~*~*~tactically~*~*~ (hiding).
   537 | D:1      | Reached skill level 3 in Axes
   623 | D:1      | 623 ||| Stepping ~*~*~tactically~*~*~ (stealth).
   627 | D:1      | Reached XP level 3. HP: 23/23 MP: 3/3
   681 | D:1      | 681 ||| DROPPING +0 club.
   895 | D:1      | 895 ||| READING scroll labelled WUPHET FIAREL.
   896 | D:1      | 896 ||| READING 3 scrolls labelled ZUBBOIBL ZIGE.
   900 | D:1      | 900 ||| READING 2 scrolls labelled EHAV MYAVIE.
   901 | D:1      | 901 ||| DROPPING scroll of fog.
   939 | D:2      | 939 ||| Stepping ~*~*~tactically~*~*~ (hiding).
   951 | D:2      | 951 ||| Stepping ~*~*~tactically~*~*~ (stealth).
   953 | D:2      | 953 ||| Stepping ~*~*~tactically~*~*~ (stealth).
  1033 | D:2      | Found Fupoc's Jewellery Boutique.
  1044 | D:2      | 1044 ||| SHOPLISTING amulet of regeneration (390 gold, have
                  | 65).
  1044 | D:2      | 1044 ||| SHOPLISTING ring of ice (325 gold, have 65).
  1044 | D:2      | 1044 ||| SHOPLISTING ring of protection from cold (325
                  | gold, have 65).
  1044 | D:2      | 1044 ||| SHOPLISTING ring of protection from fire (325
                  | gold, have 65).
  1044 | D:2      | 1044 ||| SHOPLISTING ring of resist corrosion (260 gold,
                  | have 65).
  1112 | D:2      | 1112 ||| Stepping ~*~*~tactically~*~*~ (hiding).
  1185 | D:2      | Found an ornate altar of the Wu Jian Council.
  1244 | D:2      | Reached XP level 4. HP: 28/28 MP: 4/4
  1253 | D:2      | 1253 ||| Stepping ~*~*~tactically~*~*~ (stealth).
  1433 | D:2      | 1433 ||| DROPPING scarf of shadows.
  1434 | D:2      | 1434 ||| READING 2 scrolls labelled GAIMOG FUKLI.
  1435 | D:2      | 1435 ||| READING scroll labelled FYELOA VEGY.
  1464 | D:3      | 1464 ||| PLANNING SEWER
  1543 | D:3      | Reached skill level 4 in Axes
  1739 | D:3      | Found Qamatoxt's Distillery.
  1747 | D:3      | 1747 ||| BUYING potion of attraction (33 gold).
  1747 | D:3      | Bought a potion of attraction for 33 gold pieces
  1747 | D:3      | 1747 ||| BUYING potion of curing (33 gold).
  1747 | D:3      | Bought a potion of curing for 33 gold pieces
  1747 | D:3      | 1747 ||| SHOPLISTING potion of curing (33 gold, have 21).
  1747 | D:3      | 1747 ||| SHOPLISTING potion of resistance (110 gold, have
                  | 21).
  1883 | D:3      | Found a glowing drain.
  1892 | D:3      | 1892 ||| READING 2 scrolls labelled NIAGGE IHOERA.
  1893 | D:3      | 1893 ||| READING 3 scrolls of identify.
  1893 | D:3      | 1893 ||| IDENTIFYING fizzy red potion
  1894 | D:3      | 1894 ||| READING 2 scrolls of identify.
  1894 | D:3      | 1894 ||| IDENTIFYING lumpy golden potion
  1895 | D:3      | 1895 ||| DROPPING scroll of poison.
  1896 | D:3      | 1896 ||| DROPPING potion of degeneration.
  1899 | D:3      | 1899 ||| Stepping ~*~*~tactically~*~*~ (water).
  1948 | Sewer    | Entered a sewer
  2072 | Sewer    | 2072 ||| Stepping ~*~*~tactically~*~*~ (stealth).
  2078 | Sewer    | Reached XP level 5. HP: 32/32 MP: 5/5
  2086 | Sewer    | 2086 ||| Stepping ~*~*~tactically~*~*~ (water).
  2090 | Sewer    | 2090 ||| Stepping ~*~*~tactically~*~*~ (water).
  2228 | Sewer    | 2228 ||| READING scroll labelled HUFYDD FINIQ.
  2229 | Sewer    | 2229 ||| DRINKING 3 golden potions.
  2230 | Sewer    | 2230 ||| DRINKING 2 red potions.
  2238 | D:3      | 2238 ||| PLANNING D:1-11
  2304 | D:3      | Found a runed translucent door.
  2305 | D:3      | Noticed Crazy Yiuf
  3147 | D:3      | 3147 ||| Stepping randomly (stuck).
  3212 | D:4      | Reached skill level 5 in Axes
  3321 | D:4      | 3321 ||| DROPPING +0 mace.
  3407 | D:4      | Noticed Menkaure
  3415 | D:4      | Killed Menkaure
  3416 | D:4      | Reached XP level 6. HP: 33/40 MP: 6/6
  3517 | D:4      | Reached skill level 1 in Dodging
  3780 | D:4      | 3780 ||| UPGRADING to +0 chain mail.
  3790 | D:4      | 3790 ||| DROPPING +0 scale mail.
  3791 | D:4      | 3791 ||| DROPPING scarf of harm.
  3792 | D:4      | 3792 ||| READING scroll labelled LIMOVE TEASTRA.
  3793 | D:4      | 3793 ||| READING 3 scrolls of identify.
  3793 | D:4      | 3793 ||| IDENTIFYING bubbling emerald potion
  3794 | D:4      | 3794 ||| READING 2 scrolls of identify.
  3794 | D:4      | 3794 ||| IDENTIFYING glowing blue potion
  3795 | D:4      | 3795 ||| DROPPING potion of brilliance.
  3816 | D:5      | Entered Level 5 of the Dungeon
  3823 | D:5      | 3823 ||| STAIRDANCE
  3826 | D:4      | Reached XP level 7. HP: 26/44 MP: 7/7
  3928 | D:5      | Reached skill level 6 in Axes
  3939 | D:5      | HP: 5/44 [ice beast (12)]
  3940 | D:5      | 3940 ||| READING 3 scrolls of teleportation.
  3941 | D:5      | 3941 ||| DRINKING potion of heal wounds.
  4234 | D:5      | Reached skill level 7 in Axes
  4339 | D:5      | Reached XP level 8. HP: 21/49 MP: 8/8
  4482 | D:5      | 4482 ||| Stepping ~*~*~tactically~*~*~ (stealth).
  4483 | D:5      | 4483 ||| Stepping ~*~*~tactically~*~*~ (hiding).
  4486 | D:5      | 4486 ||| Stepping ~*~*~tactically~*~*~ (stealth).
  4559 | D:5      | Found a staircase to the Ecumenical Temple.
  4560 | D:5      | 4560 ||| PLANNING TEMPLE
  4560 | D:5      | 4560 ||| READING scroll labelled NADYITW NYJOD.
  4561 | D:5      | 4561 ||| READING scroll labelled RAJUTZO LEUMPOSH.
  4562 | D:5      | 4562 ||| READING 3 scrolls of identify.
  4562 | D:5      | 4562 ||| IDENTIFYING viscous golden potion
  4572 | Temple   | Entered the Ecumenical Temple
  4614 | Temple   | 4614 ||| PLANNING OKAWARU WORSHIP
  4661 | Temple   | Became a worshipper of Warmaster Okawaru
  4662 | Temple   | 4662 ||| PLANNING D:1-11
  4862 | D:5      | 4862 ||| DROPPING scarf of harm.
  4948 | D:6      | HP: 8/49 [gnoll bouda/+0 club (5)]
  4949 | D:6      | 4949 ||| READING 2 scrolls of teleportation.
  4949 | D:6      | Slain by a wight

Levels and vault maps discovered:
D:1:      lightli_arrival_statue_moat, layout_basic, minivault_4,
          kennysheep_decorative_pillar
D:2:      layout_rooms, serial_shops, nicolae_diamond_shop, basic_altar,
          minmay_goblin_outpost
D:3:      layout_loops_ring, serial_shops, nicolae_diamond_shop,
          cheibrodos_sewer_entry_bend, uniq_crazy_yiuf_cottage
D:4:      layout_basic, uniq_menkaure
D:5:      layout_rooms, minmay_temple_entry_trees, minivault_5,
          serial_bayou_crossing
D:6:      minmay_octagon_keep, layout_rooms, palyth_temple_overflow_mages,
          grunt_decor_arrowhead, hangedman_glass_teeth, roderic_batcave
Temple:   compressed_dpeg_circular_temple

Skill      XL: |  1  2  3  4  5  6  7 |
---------------+----------------------+-----
Axes           | 2 3 4 5 7 |  7.5
Fighting       | 4 5 |  5.1
Dodging        | 1 |  1.0
Armour         | |  3.2
Shields        | |  3.2

Action                     |  1- 3 |  4- 6 |  7- 9 || total
---------------------------+-------+-------+-------++-------
  Melee: War axe           |    65 |   104 |    64 ||   233
  Throw: Boomerang         |    59 |    94 |     7 ||   160
    Use: Scroll            |     3 |     9 |     5 ||    17
         Potion            |       |     2 |     1 ||     3
 Armour: Scale mail        |    29 |    36 |       ||    65
         Chain mail        |       |       |    47 ||    47
  Dodge: Dodged            |    25 |    49 |    27 ||   101
  Block: Buckler           |    23 |    16 |    14 ||    53

Table legend:
 A = Non-vault XP
 B = Vault XP
 C = Vault XP percentage of total XP
 D = Non-vault monster count
 E = Vault monster count
 F = Vault count percentage of total count
                 A         B        C        D         E       F
            +---------+---------+-------+---------+---------+-------
      Total |    1038 |     260 |  20.0 |      76 |      18 |  19.1
            +---------+---------+-------+---------+---------+-------
        D:1 |      41 |       0 |   0.0 |      22 |       0 |   0.0
        D:2 |      37 |      10 |  21.3 |      14 |       5 |  26.3
        D:3 |      35 |      10 |  22.2 |       7 |       2 |  22.2
        D:4 |     298 |     172 |  36.6 |      19 |       1 |   5.0
        D:5 |     557 |       0 |   0.0 |      13 |       0 |   0.0
        D:6 |      70 |       0 |   0.0 |       1 |       0 |   0.0
      Sewer |       0 |      68 | 100.0 |       0 |      10 | 100.0
            +---------+---------+-------+---------+---------+-------
